[Event "Dalheimers Hus Rapid Open"]
[Site "Dalheimers Hus, Slottsskogsgatan 12, Gothenburg, Sweden"]
[Date "2024.04.14"]
[Round "3.3"]
[White "Brzezinski, Adam"]
[Black "Hellers, Ferdinand"]
[Result "0-1"]
[TimeControl "15 minutes + 5 seconds per move from move one."]
[BlackTitle "GM"]
[WhiteFideId "1710460"]
[BlackFideId "1700022"]
[WhiteElo "2111"]
[BlackElo "2410"]

1. d4 Nf6 2. Bg5 Ne4 3. Bf4 c5 4. f3 Qa5+ 5. c3 Nf6 6. d5 Qb6 7. Bc1 e6 8. c4 exd5 9. cxd5 c4 10.
Nc3 Bc5 11. e3 O-O 12. Bxc4 Bxe3 13. Bxe3 Qxe3+ 14. Nge2 Re8 15. Qd3 Qb6 16. O-O-O d6 17. Qd4 Nbd7 18. Qxb6 Nxb6 19. Bb3 Bd7 20. Nd4 a6 21. Rhe1 Rxe1 22.
Rxe1 Rc8 23. Kd2 Nc4+ 24. Bxc4 Rxc4 25. Nc2 Kf8 26. Ne3 Rd4+ 27. Ke2 b5 28. Rd1 Rh4 29. h3 h5 30. a3 a5 31.
Na2 b4 32. axb4 axb4 33. Nc1 b3 34. Nxb3 Rb4 35. Nd4 Rxb2+ 36. Rd2 Rb4 37. Kf2 g6 38. h4 Kg7 39. g3 Rb1 40. Ne2 Rb3 41. Nf4 Kf8 42. Nc4 Ne8 43. Ne3 Rb4 44. Rc2 Ba4 45. Rd2 Bb5 46. Rc2 Ke7 47.
Rd2 Nc7 48. Rc2 Na6 49. Rd2 Nc5 50.
Nc2 Rb2 51. Ke3 Nb3 52. Rf2 Nc5 53. Nd4 Rb4 54. Rd2 Kf6 55. Kf2 Nd3+ 56. Ke3 Ne5 57. Kf2 Bd7 58. Ke3 Ra4 59. Kf2 Ra3 60.
Rd1 Kg7 61. Nfe2 Kh6 62. Rc1 Nd3+ 0-1

[Event "Dalheimers Hus Rapid Open"]
[Site "Dalheimers Hus, Slottsskogsgatan 12, Gothenburg, Sweden"]
[Date "2024.04.14"]
[Round "3.4"]
[White "Cramling, Pia"]
[Black "Zachrisson, Mattias"]
[Result "1-0"]
[TimeControl "15 minutes + 5 seconds per move from move one."]
[WhiteTitle "GM"]
[WhiteFideId "1700030"]
[BlackFideId "1708384"]
[WhiteElo "2377"]
[BlackElo "2107"]

1. d4 Nf6 2. c4 g6 3. Nc3 Bg7 4. e4 d6 5. h3 O-O 6. Be3 e5 7. d5 Nh5 8. g3 a5 9. Be2 Nf6 10. g4 Ne8 11. Qd2 f5 12. gxf5 gxf5 13. exf5 Bxf5 14. Bg4 Qd7 15. Bxf5 Qxf5 16. Nge2 Nd7 17. O-O-O Nc5 18.
Rhg1 Kh8 19. Qc2 Qxc2+ 20. Kxc2 b6 21. Ng3 Rf3 22. Kd2 Rd8 23. Ke2 Rf7 24. Nce4 Nxe4 25. Nxe4 h6 26. Rg6 Kh7 27.
Rdg1 Rdd7 28. h4 Nf6 29. Rxg7+ Rxg7 30.
Nxf6+ Kh8 31. Rg2 Rg5 32. Rxg5 Re7 33. Rg7 Rxg7 34. Bxh6 Rg1 35. Bd2 Rh1 36.
h5 Rh4 37. Kd3 Rh2 38. Be3 Rh1 39. Bd2 Rh2 1-0

[Event "Dalheimers Hus Rapid Open"]
[Site "Dalheimers Hus, Slottsskogsgatan 12, Gothenburg, Sweden"]
[Date "2024.04.14"]
[Round "3.5"]
[White "Sigurgeirson, Brjann"]
[Black "Winsnes, Rikard"]
[Result "1/2-1/2"]
[TimeControl "15 minutes + 5 seconds per move from move one."]
[BlackTitle "IM"]
[WhiteFideId "1712497"]
[BlackFideId "1700430"]
[WhiteElo "2103"]
[BlackElo "2352"]

1. e4 c5 2. Nf3 d6 3. c3 Nf6 4. Bc4 Nxe4 5. Qa4+ Nc6 6. Bxf7+ Kxf7 7. Qxe4 e6 8. d4 d5 9. Qf4+ Qf6 10. Qc7+ Qe7 11. Qf4+ Qf6 12.
Qc7+ Qe7 13. Qf4+ Qf6 1/2-1/2

[Event "Dalheimers Hus Rapid Open"]
[Site "Dalheimers Hus, Slottsskogsgatan 12, Gothenburg, Sweden"]
[Date "2024.04.14"]
[Round "3.6"]
[White "Andreasson, Ingvar"]
[Black "Fors, Klas"]
[Result "1-0"]
[TimeControl "15 minutes + 5 seconds per move from move one."]
[WhiteFideId "1700294"]
[BlackFideId "1708872"]
[WhiteElo "2323"]
[BlackElo "2069"]

1. d4 d5 2. Nf3 Nf6 3. Bf4 e6 4. e3 Bd6 5. Bg3 O-O 6. Nbd2 c5 7. c3 Nc6 8. Bb5 Ne7 9. Bd3 b6 10.
Ne5 Bb7 11. Qb1 Ng6 12. f4 cxd4 13. exd4 Nh5 14. O-O a5 15. Qe1 Ba6 16. Bxa6 Nxg3 17. Qxg3 Rxa6 18. Qd3 b5 19. a4 Ra8 20.
axb5 Bxe5 21. fxe5 Qb6 22. Rf2 Rab8 23. Nb3 Qxb5 24. Qxb5 Rxb5 25. Nxa5 Ra8 26. b4 Rc8 27. Rf3 Nh4 28. Rd3 Nf5 29. Nb3 h5 30. Nc5 h4 31.
Ra7 Rbb8 32. Rd1 Ne3 33. Rda1 Nc4 34. Kf2 Nb6 35. Kf3 Nc4 36. R1a2 Re8 37. Kg4 f6 38. Kh5 fxe5 39. Kg6 Ne3 40. Rxg7+ Kh8 41. Rh7+ Kg8 42.
Raa7 Nf5 43. Nd7 Ne7+ 44. Kf6 Kxh7 45. Nxe5 Kh6 46. Rxe7 Rxe7 47. Kxe7 Rg8 48. b5 Rxg2 49. b6 Ra2 50. Nc6 Ra6 51. b7 1-0

[Event "Dalheimers Hus Rapid Open"]
[Site "Dalheimers Hus, Slottsskogsgatan 12, Gothenburg, Sweden"]
[Date "2024.04.14"]
[Round "3.7"]
[White "Borvander, Tom"]
[Black "Rydstrom, Tom"]
[Result "0-1"]
[TimeControl "15 minutes + 5 seconds per move from move one."]
[BlackTitle "FM"]
[WhiteFideId "1707388"]
[BlackFideId "1714830"]
[WhiteElo "2081"]
[BlackElo "2313"]

1. d4 g6 2. c4 Bg7 3. Nf3 d6 4. g3 Nf6 5. Nc3 O-O 6. Bg2 c6 7. O-O Qc7 8. h3 e5 9. e4 Re8 10. Be3 a6 11. Rc1 Nbd7 12. Qc2 b6 13.
Rfd1 Bb7 14. d5 c5 15. Qe2 h6 16. Nh4 Nf8 17. a3 Bc8 18. b4 g5 19. Nf5 Bxf5 20. exf5 e4 21. bxc5 bxc5 22. Qc2 Rab8 23. Bxe4 Qa5 24.
Bg2 N8d7 25. Bd2 Qc7 26. Rb1 Ne5 27. Ne4 Nxe4 28. Bxe4 Qd7 29. Bg2 Qc7 30. Kh1 Nd7 31. Re1 Kf8 32.
Bc3 Rxb1 33. Rxb1 Ne5 34. f4 gxf4 35. gxf4 Nd7 36. Bf3 Qd8 37. Bxg7+ Kxg7 38. Qc3+ Qf6 39. Qxf6+ Nxf6 40. Rb6 Re3 41. Kg2 Rxa3 42. Rxd6 Rc3 43. Rxa6 Rxc4 44. Rc6 Rc2+ 45. Kg3 Rc3 46. Kg2 c4 47. d6 Rc2+ 48. Kg3 c3 49. d7 Nxd7 50. Rc7 Nf6 51.
Bd1 Rd2 52. Bb3 Ne4+ 53. Kf3 Nd6 54. Rxc3 Nxf5 55. Kg4 Nd6 56. Rc7 Rd3 57. Bc2 Rd2 58. f5 Nb5 59. Rc6 Nd6 60. Rc7 Kf6 61. h4 Rd4+ 62. Kg3 Ke5 0-1

[Event "Dalheimers Hus Rapid Open"]
[Site "Dalheimers Hus, Slottsskogsgatan 12, Gothenburg, Sweden"]
[Date "2024.04.14"]
[Round "3.8"]
[White "Hamark, Jesper"]
[Black "Sandberg, Lucas"]
[Result "1/2-1/2"]
[TimeControl "15 minutes + 5 seconds per move from move one."]
[WhiteFideId "1704338"]
[BlackFideId "1773712"]
[WhiteElo "2301"]
[BlackElo "1926"]

1. e4 c5 2. Nc3 Nc6 3. Bb5 Nd4 4. Nf3 a6 5. Bd3 e6 6. O-O Nc6 7. Nd5 d6 8.
Ne3 Nf6 9. c3 d5 10. exd5 exd5 11. Re1 Be7 12.
Nf5 Bxf5 13. Bxf5 O-O 14. d4 h6 15. Be3 c4 16. Qc1 Re8 17. g3 Bf8 18. Qc2 b5 19. a3 Qc7 20. Nh4 a5 21. Bh3 b4 22. axb4 axb4 23.
Rxa8 Rxa8 24. Bg2 bxc3 25. bxc3 Ra3 26. Bc1 Rb3 27. Bd2 Qb6 28. Qf5 Ne7 29. Qe5 Rb2 30. Qe3 Qb3 31. Rc1 Qa2 32. Be1 Nc6 33. Bf3 Na5 34.
Nf5 Nb3 35. Rd1 Rb1 36. Ne7+ Bxe7 37. Qxe7 Rxd1 38. Bxd1 Qb1 39. Bf3 Nd2 40. Kg2 Nde4 41.
Bxe4 Nxe4 42. Qe8+ Kh7 43. Qxf7 Qxe1 44. Qf5+ Kh8 45. Qf8+ Kh7 46. Qf5+ Kh8 47. Qf8+ Kh7 48. Qf5+ 1/2-1/2

[Event "Dalheimers Hus Rapid Open"]
[Site "Dalheimers Hus, Slottsskogsgatan 12, Gothenburg, Sweden"]
[Date "2024.04.14"]
[Round "3.9"]
[White "Ruonala, Robert"]
[Black "Svensson, Bengt"]
[Result "0-1"]
[TimeControl "15 minutes + 5 seconds per move from move one."]
[BlackTitle "IM"]
[WhiteFideId "1724703"]
[BlackFideId "1700200"]
[WhiteElo "2044"]
[BlackElo "2281"]

1. e4 c5 2. Nf3 d6 3.
d4 cxd4 4. c3 dxc3 5. Nxc3 Nc6 6.
Bc4 a6 7. O-O Nf6 8. Qe2 Bg4 9. Rd1 e6 10. Bf4 Qb8 11. h3 Bxf3 12. gxf3 Be7 13. Kh1 O-O 14. Rg1 Ne5 15. Bb3 b5 16.
Rg5 Kh8 17. Rag1 Rg8 18. Nd1 Qb7 19. Ne3 Nxe4 20. R5g2 Nf6 0-1

[Event "Dalheimers Hus Rapid Open"]
[Site "Dalheimers Hus, Slottsskogsgatan 12, Gothenburg, Sweden"]
[Date "2024.04.14"]
[Round "3.10"]
[White "Ottgard, Andreas"]
[Black "Mohammadi, Amir"]
[Result "0-1"]
[TimeControl "15 minutes + 5 seconds per move from move one."]
[WhiteFideId "1730592"]
[BlackFideId "1705890"]
[WhiteElo "1869"]
[BlackElo "2275"]

1. c4 f5 2. g3 Nf6 3.
Bg2 e6 4. Nc3 d5 5. Nf3 d4 6. Nb5 c5 7. e3 d3 8. Ne5 Be7 9. Qb3 a6 10. Na3 O-O 11. O-O Qc7 12. Nxd3 Nc6 13.
Nf4 g5 14. Ne2 Bd7 15. d4 Rad8 16. d5 Na5 17. Qc2 h6 18. b3 b6 19. Bb2 Nb7 20. Rad1 Nd6 21. dxe6 Bxe6 22. Nb1 Nf7 23. Nbc3 Bd6 24. e4 f4 25.
Nd5 Bxd5 26. exd5 Ne5 27. gxf4 gxf4 28. Nxf4 Qg7 29. Kh1 Nfg4 30. Ne6 Qf6 31. f4 Qh4 32. Be4 Ne3 33. Rg1+ N5g4 34.
Bh7+ Kf7 35. Qg6+ Ke7 36. Rd2 Kd7 37.
Qg7+ Be7 38. Nxd8 Nf2+ 39. Rxf2 Qxf2 40. Be4 Rxd8 41. Qg3 Qe2 42. Bf5+ Nxf5 43. Qh3 Qe4+ 44. Rg2 Rg8 45. Be5 Qe1+ 0-1

[Event "Dalheimers Hus Rapid Open"]
[Site "Dalheimers Hus, Slottsskogsgatan 12, Gothenburg, Sweden"]
[Date "2024.04.14"]
[Round "3.11"]
[White "Storme, Isak"]
[Black "Robertsson, Klas"]
[Result "1-0"]
[TimeControl "15 minutes + 5 seconds per move from move one."]
[WhiteTitle "IM"]
[WhiteFideId "1728113"]
[BlackFideId "1737821"]
[WhiteElo "2352"]
[BlackElo "1919"]

1. d4 b6 2. e4 Bb7 3. Nc3 e6 4. a3 g6 5. h4 h6 6. h5 g5 7. f4 gxf4 8. Bxf4 Nf6 9. e5 Nd5 10.
Nxd5 Bxd5 11. Qg4 Be4 12. O-O-O Bf5 13. Qf3 d5 14. exd6 Bxd6 15. Bxd6 Qxd6 16. Qxa8 c6 17. Qxa7 O-O 18.
Qxb6 Nd7 19. Qb4 Qf4+ 20. Qd2 Qxd2+ 21. Rxd2 c5 22. Nf3 Rc8 23. Bd3 1-0

[Event "Dalheimers Hus Rapid Open"]
[Site "Dalheimers Hus, Slottsskogsgatan 12, Gothenburg, Sweden"]
[Date "2024.04.14"]
[Round "4.1"]
[White "Rydstrom, Tom"]
[Black "Johansson, Linus"]
[Result "0-1"]
[TimeControl "15 minutes + 5 seconds per move from move one."]
[WhiteTitle "FM"]
[BlackTitle "IM"]
[WhiteFideId "1714830"]
[BlackFideId "1711113"]
[WhiteElo "2313"]
[BlackElo "2427"]

1. e4 c5 2. Nf3 d6 3.
d4 cxd4 4. Nxd4 Nf6 5. Nc3 a6 6. Bg5 e6 7. Qf3 Nbd7 8. Be2 Be7 9. Qg3 Qc7 10. f4 b5 11. a3 Bb7 12. Bf3 h6 13. Bxf6 Bxf6 14. O-O-O O-O 15.
Rhe1 Rfc8 16. e5 dxe5 17. fxe5 Bxf3 18. Nxf3 Be7 19. Re3 Nb6 20. Red3 a5 21. Qf2 b4 22. Nb5 Qc6 23. Nd6 bxa3 24. Rxa3 Nc4 25. Nxc8 Bxa3 26.
Rd8+ Kh7 27. bxa3 Rxc8 28. Rxc8 Qxc8 29. Qd4 g6 30. Qc3 Qc5 31. a4 Qd5 32. Kb1 Kg7 33. h3 g5 34. Qd4 Qb7+ 35. Kc1 Qb4 36. Qa1 h5 37. c3 Qc5 38. Qa2 g4 39. hxg4 hxg4 40. Nd4 Nxe5 41. Qd2 Nc4 42. Qe2 Qa3+ 43. Kb1 Qxc3 44. Qxg4+ Kf8 45. Nxe6+ Ke7 46. Qg5+ Kxe6 47. Qg4+ Kd6 48. Qf4+ Ne5 49. Qf6+ Kd7 50. Qf5+ Ke7 51. Qg5+ Ke6 52.
Qh6+ f6 53. Qh3+ Qxh3 0-1

[Event "Dalheimers Hus Rapid Open"]
[Site "Dalheimers Hus, Slottsskogsgatan 12, Gothenburg, Sweden"]
[Date "2024.04.14"]
[Round "4.2"]
[White "Hellers, Ferdinand"]
[Black "Olsson, William"]
[Result "1/2-1/2"]
[TimeControl "15 minutes + 5 seconds per move from move one."]
[WhiteTitle "GM"]
[BlackTitle "FM"]
[WhiteFideId "1700022"]
[BlackFideId "1741721"]
[WhiteElo "2410"]
[BlackElo "2159"]

1. e4 e5 2. Nf3 Nc6 3. Bb5 a6 4. Ba4 Nf6 5. O-O Nxe4 6. d4 b5 7. Bb3 d5 8. dxe5 Be6 9. Nbd2 Be7 10.
Nxe4 dxe4 11. Bxe6 fxe6 12. Ng5 Bxg5 13. Qh5+ g6 14. Qxg5 O-O 15. Qg4 Qd5 16. Bh6 Nxe5 17. Qg3 Rf5 18.
b3 Rd8 19. Rae1 Nf7 20. Bc1 Qc6 21. Re2 Rfd5 22. Qe3 1/2-1/2

[Event "Dalheimers Hus Rapid Open"]
[Site "Dalheimers Hus, Slottsskogsgatan 12, Gothenburg, Sweden"]
[Date "2024.04.14"]
[Round "4.3"]
[White "Svensson, Bengt"]
[Black "Cramling, Pia"]
[Result "1/2-1/2"]
[TimeControl "15 minutes + 5 seconds per move from move one."]
[WhiteTitle "IM"]
[BlackTitle "GM"]
[WhiteFideId "1700200"]
[BlackFideId "1700030"]
[WhiteElo "2281"]
[BlackElo "2377"]

1. e4 c5 2. Nf3 Nc6 3. d4 cxd4 4.
Nxd4 e6 5. Nc3 a6 6. Nxc6 bxc6 7. Bd3 d5 8. O-O Nf6 9. Re1 Be7 10. e5 Nd7 11. Qg4 Kf8 12. Bd2 h5 13. Qf3 Kg8 14.
Na4 Bb7 15. Qe2 c5 16. c4 d4 17. Be4 Qc7 18. b3 a5 19. Bxb7 Qxb7 20. Rab1 g6 21. Bf4 Kg7 22. Qd2 h4 23.
h3 Rh5 24. f3 Qc7 25. Qe2 Rf5 26. Qe4 Rb8 27. Nb2 Qb7 28. Qxb7 Rxb7 29. Nd3 Rh5 30. Bd2 Rh8 31. a4 Rhb8 32.
Nc1 Bd8 33. f4 Nb6 34. Ra1 Nc8 35. Rb1 Ne7 36. Kf2 Nf5 37. Kf3 d3 38. Ke4 Rd7 39. Kf3 Nd4+ 40. Kf2 Nc2 41. Rd1 Bc7 42.
Bc3 Rbd8 43. Rd2 Kh7 44. Nxd3 Rxd3 45. Rxc2 g5 46. fxg5 Kg6 47. Ke2 Rg3 48. Kf1 Rxg5 49. Re1 Rd3 50. Re4 Bd8 51. Be1 Rf5+ 52. Ke2 Rd7 53.
Rd2 Rxd2+ 54. Bxd2 Bc7 55. Bc3 Rg5 56. Rg4 Kf5 57. Kf3 Rxg4 58. hxg4+ Kg6 1/2-1/2

[Event "Dalheimers Hus Rapid Open"]
[Site "Dalheimers Hus, Slottsskogsgatan 12, Gothenburg, Sweden"]
[Date "2024.04.14"]
[Round "4.4"]
[White "Mohammadi, Amir"]
[Black "Andreasson, Ingvar"]
[Result "1-0"]
[TimeControl "15 minutes + 5 seconds per move from move one."]
[WhiteFideId "1705890"]
[BlackFideId "1700294"]
[WhiteElo "2275"]
[BlackElo "2323"]

1. e4 c5 2. Nc3 Nc6 3.
g3 g6 4. Bg2 Bg7 5. d3 d6 6. Be3 Nf6 7. h3 Rb8 8.
Qd2 b5 9. Bh6 Bxh6 10. Qxh6 b4 11. Nce2 Qa5 12. Qd2 Qb6 13. Nf3 h6 14. O-O Kf8 15. Qe3 e5 16. Nd2 Nd4 17. Nxd4 cxd4 18. Qe2 Ba6 19. f4 Kg7 20. Rf2 Rhf8 21.
Kh2 Rbc8 22. Nf3 Rc5 23. Raf1 exf4 24. gxf4 Ra5 25. f5 g5 26. Qd2 Qc5 27. e5 dxe5 28. Nxg5 Rh8 29. Ne4 Nxe4 30. Bxe4 Rxa2 31. f6+ Kf8 32. b3 Bb5 33. Qe2 Bc6 34. Bxc6 Qxc6 35. Qxe5 Qd7 36. Re1 Qd8 1-0

[Event "Dalheimers Hus Rapid Open"]
[Site "Dalheimers Hus, Slottsskogsgatan 12, Gothenburg, Sweden"]
[Date "2024.04.14"]
[Round "4.5"]
[White "Winsnes, Rikard"]
[Black "Johansson, Gunnar"]
[Result "1/2-1/2"]
[TimeControl "15 minutes + 5 seconds per move from move one."]
[WhiteTitle "IM"]
[WhiteFideId "1700430"]
[BlackFideId "1700715"]
[WhiteElo "2352"]
[BlackElo "2186"]

1. g3 e5 2. c4 Nf6 3. Bg2 Nc6 4. e4 Bc5 5. Nc3 d6 6. h3 h6 7. Nge2 g5 8. d3 Rg8 9. O-O Be6 10.
Nd5 a5 11. Kh2 Nd4 12. Be3 c6 13. Bxd4 Bxd4 14. Nxd4 exd4 15. Nxf6+ Qxf6 16. f4 gxf4 17. Rxf4 Qe5 18. Rb1 Kd7 19.
Qf3 Rg7 1/2-1/2

[Event "Dalheimers Hus Rapid Open"]
[Site "Dalheimers Hus, Slottsskogsgatan 12, Gothenburg, Sweden"]
[Date "2024.04.14"]
[Round "4.6"]
[White "Sandberg, Lucas"]
[Black "Storme, Isak"]
[Result "0-1"]
[TimeControl "15 minutes + 5 seconds per move from move one."]
[BlackTitle "IM"]
[WhiteFideId "1773712"]
[BlackFideId "1728113"]
[WhiteElo "1926"]
[BlackElo "2352"]

1. e4 e5 2. Nf3 Nc6 3. Bb5 g6 4. O-O Bg7 5. Re1 a6 6. Ba4 Nge7 7. c3 b5 8. Bc2 O-O 9. d4 exd4 10. cxd4 d5 11. Nc3 Bg4 12. e5 Bxf3 13.
gxf3 Qd7 14. Ne2 Nf5 15. Bxf5 Qxf5 16. Ng3 Qh3 17. f4 h5 18. Be3 h4 19. Nf1 Nd8 20. Nd2 Ne6 21. Qf3 Qf5 22. Rac1 Bh6 23. Qxd5 Bxf4 24. Qe4 Rad8 25. Qxf5 gxf5 26.
Nf3 h3 27. Rc6 Bxe3 28. fxe3 Kh7 29. Rxa6 Rg8+ 30. Kh1 Rg2 31. Rg1 Rdg8 32. d5 Nc5 33. Rf6 Ne4 34. Rxg2 Rxg2 35. Rxf7+ Kg8 0-1

[Event "Dalheimers Hus Rapid Open"]
[Site "Dalheimers Hus, Slottsskogsgatan 12, Gothenburg, Sweden"]
[Date "2024.04.14"]
[Round "4.7"]
[White "Aaberg, Anton"]
[Black "Sigurgeirson, Brjann"]
[Result "0-1"]
[TimeControl "15 minutes + 5 seconds per move from move one."]
[WhiteTitle "IM"]
[WhiteFideId "1701991"]
[BlackFideId "1712497"]
[WhiteElo "2346"]
[BlackElo "2103"]

1. e4 c5 2. Nf3 d6 3. Bb5+ Nd7 4. O-O Ngf6 5. Re1 a6 6. Bf1 g6 7. c3 Bg7 8. d4 cxd4 9. cxd4 O-O 10.
Nc3 b5 11. e5 Ne8 12. e6 fxe6 13. Ng5 Nb6 14. Nxe6 Bxe6 15. Rxe6 Nc7 16. Re1 e5 17. d5 Kh8 18. a3 Nd7 19. Be3 Nf6 20. g3 Qd7 21. h3 Rac8 22.
Qb3 Rb8 23. Red1 a5 24. Bg2 b4 25. axb4 Rxb4 26. Qc2 Rfb8 27. Rdb1 Qf5 28. Qxf5 gxf5 29. Rxa5 Rxb2 30. Rxb2 Rxb2 31. Ra7 Nfe8 32. Bg5 e4 33.
Ra3 Rc2 34. Nd1 Bd4 35. Be3 Bc5 36. g4 0-1

[Event "Dalheimers Hus Rapid Open"]
[Site "Dalheimers Hus, Slottsskogsgatan 12, Gothenburg, Sweden"]
[Date "2024.04.14"]
[Round "4.8"]
[White "Wellevit, Tomas"]
[Black "Hamark, Jesper"]
[Result "1/2-1/2"]
[TimeControl "15 minutes + 5 seconds per move from move one."]
[WhiteFideId "1731963"]
[BlackFideId "1704338"]
[WhiteElo "1978"]
[BlackElo "2301"]

1. e4 c5 2. Nf3 e6 3. c4 Nc6 4. Be2 Nf6 5. d3 Be7 6. Nc3 O-O 7. O-O a6 8. Bf4 d6 9. Re1 Rb8 10.
a4 Qc7 11. Bf1 Nd7 12. Bg3 Bf6 13. Qd2 b6 14. Ne2 Nde5 15. Nxe5 dxe5 16. Qc3 Rd8 17. f4 exf4 18. Bxf4 Qd7 19.
e5 Be7 20. Red1 Bb7 21. Kh1 h6 22.
b3 Bf8 23. Qe1 Qe7 24. Qg3 Kh8 25. Be3 Rd7 26. Ra2 Rbd8 27. Rad2 g6 28. d4 cxd4 29. Nxd4 Nxd4 30. Rxd4 Rxd4 31. Rxd4 Rxd4 32. Bxd4 Qc7 33. Qf2 Bc5 34. Qf6+ Kg8 35.
Bxc5 bxc5 36. h4 h5 37. Bd3 Qc6 38.
Qd8+ Kh7 39. Qg5 Kg8 40. Qd8+ 1/2-1/2

[Event "Dalheimers Hus Rapid Open"]
[Site "Dalheimers Hus, Slottsskogsgatan 12, Gothenburg, Sweden"]
[Date "2024.04.14"]
[Round "4.9"]
[White "Seo, Jung Min"]
[Black "Eriksson, Kristian"]
[Result "1-0"]
[TimeControl "15 minutes + 5 seconds per move from move one."]
[WhiteTitle "IM"]
[WhiteFideId "1734687"]
[BlackFideId "1705172"]
[WhiteElo "2450"]
[BlackElo "1961"]

1. e4 e5 2. Nf3 Nc6 3. Bb5 Nd4 4. Nxd4 exd4 5. O-O c6 6.
Bc4 Nf6 7. e5 d5 8. exd6 Bxd6 9. Re1+ Kf8 10. h3 g6 11. d3 Kg7 12. Nd2 Bc7 13. Nf3 Qd6 14. Bg5 Be6 15. Bxe6 fxe6 16. Qe2 Rae8 17. Bxf6+ Kxf6 18.
Qe4 c5 19. b3 b6 20. Qh4+ Kg7 21. Re4 Rhf8 22. Rae1 h6 23. Ne5 Rf5 24. Qg4 Rxe5 25. Rxe5 Qxe5 26. Rxe5 Bxe5 27. Qe4 Bf6 28. a4 Re7 29. Qc6 Be5 30. a5 Bc7 31. g3 Kf7 32. a6 g5 33. Kg2 Kf6 34. Kf3 Kg7 35.
Kg4 Kf6 36. Kh5 Kg7 37. Qe4 1-0

[Event "Dalheimers Hus Rapid Open"]
[Site "Dalheimers Hus, Slottsskogsgatan 12, Gothenburg, Sweden"]
[Date "2024.04.14"]
[Round "4.10"]
[White "Svensson, Leif"]
[Black "Svenn, Gosta"]
[Result "0-1"]
[TimeControl "15 minutes + 5 seconds per move from move one."]
[BlackTitle "FM"]
[WhiteFideId "1702459"]
[BlackFideId "1700553"]
[WhiteElo "1952"]
[BlackElo "2280"]

1. d4 e6 2. e4 d5 3. Nc3 Bb4 4.
Nge2 dxe4 5. a3 Be7 6.
Nxe4 Nf6 7. N2c3 Nc6 8. Be3 O-O 9. Be2 b6 10. Bf3 Bb7 11. Qd2 Na5 12. Nxf6+ Bxf6 13. Bxb7 Nxb7 14. O-O c5 15. Rad1 cxd4 16. Bxd4 Qe7 17.
Bxf6 Qxf6 18. Qd4 Qf5 19.
Qe4 Qxe4 20. Nxe4 Rfd8 21. f3 f6 22. Kf2 Kf7 23. Ke2 e5 24. Rd3 Rxd3 25. Kxd3 Rd8+ 26. Ke2 Ke6 27. g4 Na5 28. b3 Nc6 29. c3 g6 30.
h4 h6 31. Rg1 Na5 32. Nd2 Rc8 33. c4 Nc6 34. Ke3 Nd4 35. a4 a5 36. Rb1 f5 37. h5 gxh5 38. Rh1 fxg4 39. fxg4 hxg4 40.
Rxh6+ Kf5 41. Rxb6 Rf8 42. Nf1 Kg5 43. Nd2 Nf5+ 44. Ke4 0-1

[Event "Dalheimers Hus Rapid Open"]
[Site "Dalheimers Hus, Slottsskogsgatan 12, Gothenburg, Sweden"]
[Date "2024.04.14"]
[Round "4.11"]
[White "Wesslen, Ulf"]
[Black "Arnelind, Mikael"]
[Result "1/2-1/2"]
[TimeControl "15 minutes + 5 seconds per move from move one."]
[WhiteFideId "1705199"]
[BlackFideId "1704290"]
[WhiteElo "1949"]
[BlackElo "2153"]

1. d4 Nf6 2. c4 e6 3. Nc3 Bb4 4. Qb3 c5 5. Nf3 O-O 6. Bd2 Nc6 7. e3 cxd4 8. exd4 d5 9. cxd5 exd5 10.
Be2 Re8 11. a3 Ba5 12. h3 Bb6 13. Be3 Bf5 14. O-O Rc8 15. Rad1 Na5 16. Qa2 h6 17. Ne5 Bc2 18. Rd2 Bb3 19.
Qb1 Nc4 20. Nxc4 Bxc4 21. Re1 Bxe2 22. Rdxe2 Qd7 23. Qd3 Ne4 24.
Rc1 Nxc3 25. Rxc3 Rxc3 26. Qxc3 Qf5 27. Rc2 Rd8 28. b4 Qd7 29. Rc1 Qa4 30. Qd3 Re8 31. Bf4 Qd7 32. Qd1 Qf5 33.
Bd6 Re6 34. Be5 Kh7 35. Rc3 Rg6 36. Kh2 f6 37. Rf3 Qe4 38. Bg3 Qe6 39. Re3 Qd7 40. Qd3 Bc7 41. Bxc7 Qxc7+ 42. Rg3 Qf7 43. a4 f5 44. Rf3 Rf6 45.
b5 g6 46. Re3 Re6 47. Re5 Rxe5 48.
dxe5 Qe6 49. Qd4 b6 50. Qc3 g5 51. g3 f4 52. Qc7+ Kg6 53. g4 d4 54. Qc2+ Kf7 55. Qe4 Qd7 56.
Qh7+ Ke6 57. Qf5+ Ke7 58. Qf6+ Ke8 59. e6 Qd6 60. Qf7+ Kd8 61. Qf6+ Ke8 62. Qg6+ Kd8 63. Qf6+ Kc7 64. Qf7+ Kd8 65. Qf6+ 1/2-1/2

[Event "Dalheimers Hus Rapid Open"]
[Site "Dalheimers Hus, Slottsskogsgatan 12, Gothenburg, Sweden"]
[Date "2024.04.14"]
[Round "5.1"]
[White "Johansson, Linus"]
[Black "Mohammadi, Amir"]
[Result "1-0"]
[TimeControl "15 minutes + 5 seconds per move from move one."]
[WhiteTitle "IM"]
[WhiteFideId "1711113"]
[BlackFideId "1705890"]
[WhiteElo "2427"]
[BlackElo "2275"]

1. d4 f5 2. Nf3 Nf6 3. g3 e6 4. Bg2 d5 5.
O-O Bd6 6. b3 Qe7 7. c4 c6 8. Bb2 O-O 9. Qc1 Ne4 10. Ba3 Bxa3 11. Qxa3 Qxa3 12. Nxa3 Nd7 13. Rfc1 Kf7 14. Nc2 Ke7 15. Nce1 f4 16.
Nd3 fxg3 17. hxg3 g5 18. Rc2 g4 19. Nd2 Nxd2 20. Rxd2 Kd6 21. e4 b6 22. cxd5 cxd5 23. e5+ Ke7 24. Rc1 Ba6 25. Nb4 Bb7 26. Rc7 Rab8 27. Rdc2 Rfc8 28. Rxc8 Rxc8 29.
Rxc8 Bxc8 30. Nc6+ Kf7 31. Nxa7 Ba6 32. Bf1 Nb8 33. a3 Kg6 34. Bxa6 Nxa6 35. f3 Kf5 36. Kf2 h5 37. Nc8 Nc7 38. a4 Na8 39. Nd6+ Kg5 40. Nb5 h4 41. gxh4+ Kxh4 42. fxg4 Kxg4 43.
Ke3 Kg3 44. b4 Kg4 45. a5 Kg3 46. a6 Kg4 47. a7 Kg3 48. Nd6 Kg4 49. Nf7 Kf5 50. Nd8 Nc7 51.
Kf3 Na8 52. Nf7 Kg6 53. Nd6 Kg5 54. Kg3 Nc7 55. Ne8 Na8 56. Ng7 b5 57. Kf3 Kg6 58. Nxe6 1-0

[Event "Dalheimers Hus Rapid Open"]
[Site "Dalheimers Hus, Slottsskogsgatan 12, Gothenburg, Sweden"]
[Date "2024.04.14"]
[Round "5.2"]
[White "Sigurgeirson, Brjann"]
[Black "Hellers, Ferdinand"]
[Result "1/2-1/2"]
[TimeControl "15 minutes + 5 seconds per move from move one."]
[BlackTitle "GM"]
[WhiteFideId "1712497"]
[BlackFideId "1700022"]
[WhiteElo "2103"]
[BlackElo "2410"]

1. e4 g6 2. d4 Bg7 3. Nc3 c6 4. f4 d5 5. e5 Nh6 6. Nf3 O-O 7. Bd3 Bg4 8. h3 Bxf3 9. Qxf3 f6 10.
Qe2 fxe5 11. fxe5 Nf5 12. Bxf5 Rxf5 13. g4 Rf8 14. Be3 Nd7 15. O-O-O b5 16. Rdf1 Qa5 17. Kb1 Nb6 18. Bg5 e6 19.
Be7 Rxf1+ 20. Rxf1 Re8 21. Bc5 Nc4 22. Qf2 Qc7 23. b3 Na5 24. Ne2 Nb7 25. Bb4 a5 26. Bd2 c5 27. dxc5 Rf8 28. Qg2 Nxc5 29. Rxf8+ Kxf8 30. Qf2+ Kg8 31. Bxa5 Qxe5 32. Bc3 Qd6 33.
Bxg7 Kxg7 34. Nc3 b4 35. Qd4+ Kh6 36. Qxb4 e5 37. Na4 Ne4 1/2-1/2